 Dungeon Sprint DCSS version 0.27-a0-836-gfc908b8576 (webtiles) character file.

Game seed: 5687615955686622614

349 HendSelp the Covert (level 6, -4/44 HPs)
             Began as a Kobold Monk on Mar 31, 2021.
             Was a Believer of Dithmenos.
             Collided with an unnaturally hard rock wall (15 damage)
             ... caused by a deep elf knight
             ... in the Dungeon (Sprint V: "Ziggurat Sprint").
             The game lasted 00:01:28 (104 turns).

HendSelp the Covert (Kobold Monk)                    Turns: 104, Time: 00:01:29

Health: -4/44      AC: 15    Str:  8    XL:     6   Next: 92%
Magic:  6/6        EV:  8    Int: 12    God:    Dithmenos [**....]
Gold:   0          SH:  0    Dex: 31    Spells: 5/5 levels left

rFire    . . .     SeeInvis .   s - +5 dagger
rCold    . . .     Faith    .   (shield restricted)
rNeg     . . .     Spirit   .   C - +5 shadow dragon scales
rPois    .         Reflect  .   (no helmet)
rElec    .         Harm     .   (no cloak)
rCorr    .         Rampage  .   (no gloves)
Will     .....     NoTele   +   (no boots)
Stlth    ++++++++++             (no amulet)
HPRegen  0.14/turn              t - +6 ring of dexterity
MPRegen  0.10/turn              u - +6 ring of dexterity

@: very slightly contaminated, wreathed by umbra, invisible
A: small, no large weapons, nightstalker 3
a: Renounce Religion, Shadow Step


You were in the Dungeon.
You worshipped Dithmenos.
Dithmenos was pleased with you.
You visited 1 branch

Inventory:

Hand Weapons
 s - a +5 dagger (weapon)
Armour
 b - a +0 robe
 C - +5 shadow dragon scales (worn)
Jewellery
 t - a +6 ring of dexterity (left hand)
 u - a +6 ring of dexterity (right hand)
Wands
 z - a wand of mindburst (7)
 A - a wand of iceblast (7)
 B - a wand of acid (7)
Scrolls
 h - 4 scrolls of blinking
 n - 4 scrolls of amnesia
 o - 7 scrolls of fog
 p - a scroll of holy word
 q - 5 scrolls of identify
 r - 2 scrolls of fear
Potions
 c - 10 potions of curing
 d - 8 potions of heal wounds
 e - 6 potions of haste
 f - 7 potions of magic
 g - 3 potions of berserk rage
 i - 2 potions of brilliance
 j - a potion of invisibility
 k - 4 potions of resistance
 m - 5 potions of might
Miscellaneous
 a - a lightning rod (4/4)


   Skills:
 + Level 8.0 Fighting
 + Level 9.6 Short Blades
 + Level 8.7 Dodging
 + Level 11.7 Stealth


You had 5 spell levels left.
You didn't know any spells.
Your spell library contained the following spells:

 Spells                   Type           Power      Damage    Failure   Level
 Animate Skeleton         Necr           0%         N/A       100%        1
 Foxfire                  Conj/Fire      0%         2x1d4     100%        1
 Pain                     Necr           0%         1d4       100%        1
 Vampiric Draining        Necr           0%         2d6       100%        3
 Animate Dead             Necr           0%         N/A       100%        4
 Agony                    Necr           0%         N/A       100%        5
 Fireball                 Conj/Fire      0%         3d3       100%        5
 Summon Forest            Summ/Tloc      0%         N/A       100%        5
 Disjunction              Tloc           0%         N/A       100%        8


Dungeon Overview and Level Annotations

Branches:
Dungeon (1/1)

Altars:
Ashenzari
Cheibriados
Dithmenos
Elyvilon
Fedhas
Gozag
Hepliaklqana
Kikubaaqudgha
Makhleb
Nemelex Xobeh
Okawaru
Qazlal
Ru
Sif Muna
Trog
Uskayaw
Vehumet
Wu Jian
Xom
Yredelemnul
Zin
The Shining One
Beogh
Jiyva
Lugonu

Annotations:
D 1 transporter


Innate Abilities, Weirdness & Mutations

You are small and have problems with some larger weapons.
You are completely attuned to the shadows.


Message History

You add the spells Pain, Animate Skeleton, Vampiric Draining, Animate Dead and Agony to your library.
There is a transporter here.
Welcome to arena 2.
You enter the transporter and appear at another place.
Unknown command. 2 deep elf knights and a deep elf pyromancer come into view.
The deep elf pyromancer is wielding a +1 rapier of electrocution.
Found a staff of death, a book of Spatial Translocations and a condenser vane.
Unknown command.
The deep elf pyromancer shouts!
The deep elf knight shouts! x2
The deep elf knight points at you and mumbles some strange words.
The shard of ice hits you!!
Ouch! That really hurt!
* * * LOW HITPOINT WARNING * * *
The deep elf knight unwields a +0 long sword.
The deep elf knight wields a +0 shortbow.
The deep elf knight shoots an arrow.
The arrow barely misses you.
The deep elf pyromancer points at you and mumbles some strange words.
The bolt of fire hits you!
* * * LOW HITPOINT WARNING * * *
Found a transporter.
You fade into invisibility!
The deep elf knight shoots an arrow.
The deep elf knight blocks the arrow.
You are very lightly contaminated with residual magic.
You feel much better.
The deep elf knight shoots an arrow.
The arrow closely misses the deep elf knight.
The arrow closely misses you.
Unknown command.
The deep elf knight closely misses you.
The deep elf knight shoots an arrow.
The arrow misses the deep elf knight.
The arrow hits you!
Unknown command.
The deep elf knight blocks your attack.
The deep elf knight shoots an arrow.
The arrow hits you!
* * * LOW HITPOINT WARNING * * *
Unknown command.
You feel much better.
The deep elf knight shoots an arrow.
The arrow hits you!
The deep elf knight casts a spell at you.
The lance of force hits you!
* * * LOW HITPOINT WARNING * * *
You die...

▓▓▓▓▓▓▓▓▓▓▓▓▓
▓.8e8.▓.8©8.▓
▓.}e:.▓.....▓
▓.....▓.†...▓
▓.e..@▓.....▓
▓.....▓.....▓
▓.....▓..©..▓
▓..©..▓▓▓▓▓▓▓
▓▓▓▓▓▓▓


You could see 2 deep elf knights and a deep elf pyromancer.

Vanquished Creatures
  A jumping spider (D)
  A tarantella (D)
2 creatures vanquished.

Notes
Turn   | Place    | Note
-------+----------+-------------------------------------------
     0 | D        | HendSelp the Kobold Monk began the quest for the Orb.
     0 | D        | Reached XP level 1. HP: 14/14 MP: 1/1
     1 | D        | Found a radiant altar of Vehumet.
     7 | D        | Found a sacrificial altar of Ru.
     7 | D        | Found a shimmering blue altar of Sif Muna.
     7 | D        | Found a stormy altar of Qazlal.
     7 | D        | Found a bloodstained altar of Trog.
     7 | D        | Found an iron altar of Okawaru.
    11 | D        | Found a hide-covered altar of Uskayaw.
    19 | D        | Found a glowing golden altar of the Shining One.
    20 | D        | Found a snail-covered altar of Cheibriados.
    20 | D        | Found a broken altar of Ashenzari.
    20 | D        | Found a shadowy altar of Dithmenos.
    41 | D        | Found a white marble altar of Elyvilon.
    43 | D        | Found a blossoming altar of Fedhas.
    44 | D        | Found a viscous altar of Jiyva.
    44 | D        | Found a hazy altar of Hepliaklqana.
    44 | D        | Found a transporter.
    44 | D        | Found an opulent altar of Gozag.
    49 | D        | Found an ancient bone altar of Kikubaaqudgha.
    56 | D        | Became a worshipper of Dithmenos the Shadowed
    56 | D        | Reached * piety under Dithmenos
    56 | D        | Reached ** piety under Dithmenos
    63 | D        | Found the +6 Majin-Bo {vamp, MP+6 Int+6}
    63 | D        | Found the +9 heavy crossbow "Sniper" {vorpal, Acc+∞ SInv}
    63 | D        | Found the +10 dark maul {vorpal}
    63 | D        | Found the +15 Maxwell's patent armour {-Cast -Tele rElec
                  | Will+ rCorr}
    63 | D        | Found the +18 shield of the Gong {rElec rN+ Will+ EV-5}
    63 | D        | Found the +14 obsidian axe {vorpal, *Drain +Fly SInv}
    64 | D        | Found the +7 great mace "Firestarter" {inner flame, rF++}
    64 | D        | Found the +6 shillelagh "Devastator" {shatter}
    64 | D        | Found the +11 plutonium sword {*Contam Stlth-}
    64 | D        | Found the +8 lance "Wyrmbane" {slay drac, rPois rF+ rC+
                  | AC+3}
    64 | D        | Found the +9 sword of Zonguldrok {reap}
    64 | D        | Found the +13 scythe of Curses {drain, *Drain}
    64 | D        | Found the +5 sword of Power {vorpal}
    64 | D        | Found the +7 mace of Variability {chain chaos}
    64 | D        | Found the +7 Singing Sword {vorpal, sonic wave}
    64 | D        | Found the +8 storm bow {elec, penet}
    66 | D        | Found a sparkling altar of Nemelex Xobeh.
    70 | D        | Found a burning altar of Makhleb.
    70 | D        | Found a corrupted altar of Lugonu.
    73 | D        | Reached skill level 10 in Stealth
    73 | D        | Reached XP level 2. HP: 19/19 MP: 2/2
    83 | D        | Entered arena 2.
    83 | D        | Noticed a tarantella
    83 | D        | Noticed a jumping spider
    84 | D        | Found a transporter.
    86 | D        | Killed a jumping spider
    87 | D        | Reached skill level 11 in Stealth
    87 | D        | Reached XP level 3. HP: 28/28 MP: 3/3
    87 | D        | Reached XP level 4. HP: 32/32 MP: 4/4
    87 | D        | Reached XP level 5. HP: 37/37 MP: 5/5
    87 | D        | Reached XP level 6. HP: 42/42 MP: 6/6
    87 | D        | Killed a tarantella
    90 | D        | Got Pugaweut's Volume of Igneous Translocation
    97 | D        | Entered arena 3.
    98 | D        | Noticed a deep elf pyromancer
    98 | D        | Noticed a deep elf knight
    98 | D        | Noticed a deep elf knight
    99 | D        | Found a transporter.
    99 | D        | HP: 1/44 [deep elf pyromancer/bolt of fire (10)]
   104 | D        | Collided with an unnaturally hard rock wall

Illustrated notes

Levels and vault maps discovered:
D:        sprint_v [room_start, room_1, room_2, room_3, room_4, room_5, room_6,
          room_7, room_8, room_9, room_10, room_11, room_12, room_13, room_14,
          room_15, room_16, room_17, room_18, room_19, room_20, room_21,
          room_22, room_23, room_24, room_25, room_26, room_27]

Skill      XL: |  1  2  3  4  5  6 |
---------------+-------------------+-----
Stealth        | 10 11 | 11.7
Fighting       | 6 8 |  8.0
Short Blades   | 8 9 |  9.6
Dodging        | 7 8 |  8.7

Action                   |  1- 3 |  4- 6 || total
-------------------------+-------+-------++-------
Melee: Dagger            |     1 |     2 ||     3
  Use: Potion            |     1 |     3 ||     4
 Stab: Sleeping          |     1 |     1 ||     2
Dodge: Dodged            |       |     3 ||     3

Table legend: (Time is in decaauts)
 A = Elapsed time spent in this place.
 B = Non-inter-level travel time spent in this place.
 C = Inter-level travel time spent in this place.
 D = Time resting spent in this place.
 E = Time spent auto-exploring this place.
 F = Levels seen in this place.
 G = Mean time per level.
                   A        B        C        D        E       F      G
               +--------+--------+--------+--------+--------+-----+--------+
         Total |    101 |     97 |      4 |      0 |      0 |   1 |  101.0 |
       Dungeon |    101 |     97 |      4 |      0 |      0 |   1 |  101.0 |
               +--------+--------+--------+--------+--------+-----+--------+

Top non-repeatable levels by time:
       D: 101 daAuts
